 Dungeon Crawl Stone Soup version 0.28-b1-25-g9875b3fc8c (webtiles) character file.

Game seed: 12396292880669939258

126 dorian the Ducker (level 4, 0/21 HPs)
             Began as a Felid Transmuter on Feb 4, 2022.
             Slain by Natasha (5 damage)
             ... on level 3 of the Dungeon.
             The game lasted 00:04:01 (3315 turns).

dorian the Ducker (Felid Transmuter)                Turns: 3315, Time: 00:04:01

Health: 0/21       AC:  1    Str:  6    XL:     4   Next: 83%
Magic:  8/8        EV: 19    Int: 16    God:
Gold:   158        SH:  5    Dex: 16    Spells: 6/7 levels left
                                        Lives:  0   Deaths: 1

rFire   . . .      SeeInvis +     - Unarmed
rCold   . . .      Faith    .   (shield unavailable)
rNeg    . . .      Spirit   .   (armour unavailable)
rPois   .          Reflect  +   (helmet unavailable)
rElec   .          Harm     .   (cloak unavailable)
rCorr   .          Rampage  .   (gloves unavailable)
Will    .....                   (boots unavailable)
Stlth   +.........              e - amulet of reflection
HPRegen 0.07/turn               (no ring)
MPRegen 0.11/turn               (no ring)

@: slowed, slow
A: very small, claws 1, fangs 3, see invisible, speed 1, shaggy fur 1, stealthy
paws, no weapons or thrown items, no armour, multi-lived
a: no special abilities


You were on level 3 of the Dungeon.
You visited 1 branch of the dungeon, and saw 3 of its levels.

You collected 158 gold pieces.

Inventory:

Jewellery
 e - an amulet of reflection (around neck)
Scrolls
 c - 2 scrolls of fog {unknown}
 d - 2 scrolls of amnesia {unknown}
 f - a scroll of noise {unknown}
 g - a scroll of teleportation {unknown}
Potions
 a - a potion of lignification {unknown}
 b - a potion of heal wounds {unknown}
 h - 2 potions of magic {unknown}
 i - a potion of brilliance {unknown}


   Skills:
 + Level 3.0 Fighting
 + Level 4.7 Dodging
 + Level 4.2 Unarmed Combat
 - Level 2.0 Spellcasting
 - Level 2.1 Transmutations


You had 6 spell levels left.
You knew the following spells:

 Your Spells              Type           Power      Damage    Failure   Level
a - Beastly Appendage     Tmut           16%        N/A       9%          1

Your spell library contained the following spells:

 Spells                   Type           Power      Damage    Failure   Level
 Wereblood                Tmut           8%         N/A       13%         2
 Spider Form              Tmut/Pois      5%         N/A       36%         3
 Gell's Gravitas          Tloc           1%         N/A       52%         3
 Teleport Other           Tloc           1%         N/A       52%         3
 Ice Form                 Ice/Tmut       5%         N/A       78%         4
 Dispersal                Tloc           0%         N/A       100%        6


Dungeon Overview and Level Annotations

Branches:
Dungeon (3/15)

Altars:

Annotations:
D:3 Natasha


Innate Abilities, Weirdness & Mutations

You have sharp claws.
You have razor-sharp teeth.
You have supernaturally acute eyesight. (SInv)
You cover ground quickly. (Speed+)
You are covered in fur. (AC +1)
Your paws help you pounce on unaware monsters.
You are incapable of wielding weapons or throwing items.
You cannot wear armour.
You gain extra lives every three experience levels.


Message History

Casting: Beastly Appendage (safe; 9% risk of failure)
Confirm with . or Enter, or press ? or * to list all spells.
You grow a pair of large bovine horns.
Your transformation is almost over.
You climb downwards.
Level annotation: Natasha
There is a stone staircase leading up here.
You scratch Natasha but do no damage. You block Natasha's attack.
You barely miss Natasha. Natasha casts a spell at you.
You feel yourself slow down.
You scratch Natasha but do no damage. Your headbutt misses Natasha.
Natasha completely misses you.
You scratch Natasha. You headbutt Natasha, but do no damage.
Natasha is moderately wounded.
Natasha mumbles some strange words.
Natasha claws you!
You scratch Natasha but do no damage. You headbutt Natasha, but do no damage.
Natasha is moderately wounded.
Natasha completely misses you.
You closely miss Natasha. Your bite misses Natasha.
Natasha is moderately wounded.
Natasha claws you.
You scratch Natasha. You headbutt Natasha, but do no damage.
Natasha is heavily wounded.
Your horns disappear.
Natasha closely misses you. Natasha barely misses you.
You scratch Natasha.
Natasha is almost dead.
Natasha misses you.
You scratch Natasha but do no damage.
Natasha is almost dead.
Natasha stares at you and mumbles some strange words.
The magic dart hits you.
* * * LOW HITPOINT WARNING * * *
You block Natasha's attack.
You barely miss Natasha.
Natasha is almost dead.
Natasha claws you.
You die...

#.####.#........##.##.##.###...##
.......#.######.##.##.##.###.....
g#######.## #.......##.....####
h# #...# ###...########## .#
#[..# ####.......######### 5#
#...# #.......##.#.......#
.######...####.####.......†.....#
.##...........g####..##.#.......#
..............gh@<..............#
###..........[5####..##.#.(.....#
#####...####^####.....#....)..#
#...# #..................# #...#
#.######.########### #...# #.#
#(........... ## ##.## #.#
#.#####.##### ..h ... #.#
#.#####...... #.# ###........##


You could see Natasha, a crimson imp (summoned) and 2 goblins.

Vanquished Creatures
  Jessica (D:2)
  An iguana (D:2)
  Terence (D:3)
  Natasha (D:3)
  A gnoll (D:2)
  An adder (D:3)
  6 ball pythons (D:1)
  7 bats
  7 endoplasms
  2 giant cockroaches
  2 goblins (D:1)
  7 hobgoblins
  2 jackals (D:2)
  2 kobolds
  4 quokkas
  7 frilled lizards
  4 rats
56 creatures vanquished.

Notes
Turn   | Place    | Note
-------+----------+-------------------------------------------
     0 | D:1      | dorian the Felid Transmuter began the quest for the Orb.
     0 | D:1      | Reached XP level 1. HP: 9/9 MP: 4/4
   522 | D:1      | Reached XP level 2. HP: 12/12 MP: 4/6
  1073 | D:1      | Reached XP level 3. HP: 15/16 MP: 7/7
  1173 | D:1      | You fall into a shaft and drop 1 floor!
  2037 | D:2      | Noticed Jessica
  2041 | D:2      | Killed Jessica
  2042 | D:2      | Reached XP level 4. HP: 20/20 MP: 8/8
  2102 | D:2      | Slain by a gnoll
  2103 | D:2      | Reached XP level 3. HP: -1/16 MP: 7/7
  2159 | D:2      | Found a faded altar of an unknown god.
  2557 | D:3      | Noticed Natasha
  2564 | D:3      | Killed Natasha
  2565 | D:3      | Reached XP level 4. HP: 20/20 MP: 6/8
  2994 | D:3      | Noticed Terence
  2994 | D:3      | Noticed Natasha
  3022 | D:3      | Killed Terence
  3315 | D:3      | Slain by Natasha

Illustrated notes

Levels and vault maps discovered:
D:1:      ncdulo_lavacross, layout_basic, minmay_pentomino_v4
D:2:      layout_basic, chequers_ecumenical_altar_simple_redux,
          cheibrodos_gnoll_hut, uniq_jessica
D:3:      layout_loops_cross, minmay_snake_closets, uniq_natasha, uniq_terence,
          uniq_robin

Skill      XL: |  1  2  3  4 |
---------------+-------------+-----
Dodging        | 3 4 |  4.7
Fighting       | 2 3 |  3.0
Unarmed Combat | 4 |  4.2
Spellcasting   | |  2.0
Transmutations | |  2.1

Action                   |  1- 3 |  4- 6 || total
-------------------------+-------+-------++-------
Melee: Unarmed           |   128 |    52 ||   180
       Bite              |    15 |     1 ||    16
       Headbutt          |     9 |     9 ||    18
       Punch             |     3 |       ||     3
 Cast: Beastly Appendage |    29 |     7 ||    36
 Stab: Sleeping          |     4 |     1 ||     5
Armor: Skin              |     9 |     1 ||    10
Dodge: Dodged            |    99 |    27 ||   126
Block: Other             |    19 |     8 ||    27
